 Dungeon Crawl Stone Soup version 0.21-a0-584-g185da8e (webtiles) character file.

804 TheGoonsmith the Shield-Bearer (level 8, 0/62 HPs)
             Began as a Formicid Fighter on Dec 20, 2017.
             Slain by edsrzf's ghost (20 damage)
             ... on level 6 of the Dungeon.
             The game lasted 00:09:36 (4638 turns).

TheGoonsmith the Shield-Bearer (Formicid Fighter)   Turns: 4638, Time: 00:09:36

Health: 0/62       AC: 14    Str: 29    XL:     8   Next: 14%
Magic:  8/8        EV:  6    Int:  7    God:
Gold:   127        SH: 11    Dex: 10    Spells: 7/7 levels left

rFire    + . .     SeeInvis +   a - +1 war axe
rCold    . . .     Gourm    .   c - +0 shield
rNeg     . . .     Faith    .   j - +0 plate armour
rPois    .         Spirit   .   (helmet unavailable)
rElec    .         Reflect  .   w - +1 cloak (curse)
rCorr    .         Harm     .   (no gloves)
MR       .....                  (no boots)
Stlth    ..........             (no amulet)
HPRegen  0.20/turn              n - ring of protection from fire
MPRegen  0.11/turn              (no ring)

@: mighty, drained
A: permanent stasis, dig shafts and tunnels, four strong arms, antennae 3
a: Dig, Shaft Self


You were on level 6 of the Dungeon.
You were hungry.

You visited 1 branch of the dungeon, and saw 6 of its levels.

You collected 239 gold pieces.
You spent 112 gold pieces at shops.

Inventory:

Hand Weapons
 a - a +1 war axe (weapon)
Armour
 b - a +0 scale mail
 c - a +0 shield (worn)
 j - a +0 plate armour (worn)
 w - a cursed +1 cloak (worn)
Jewellery
 n - a ring of protection from fire (left hand)
Wands
 g - a wand of flame (18)
 h - a wand of acid (6)
 k - a wand of polymorph (12)
Scrolls
 e - 6 scrolls of amnesia
 r - 7 scrolls of identify
 u - 4 scrolls of remove curse
 v - 2 scrolls of fog
Potions
 i - a potion of heal wounds
 l - 2 potions of flight
 m - a potion of lignification
 p - 2 potions of cancellation
 q - a potion of brilliance {unknown}
 t - a potion of curing
Comestibles
 f - 9 rations


   Skills:
 - Level 5.0(4.7) Fighting
 * Level 5.8(5.6) Axes
 + Level 4.2(4.0) Armour
 + Level 6.9(6.6) Shields


You had 7 spell levels left.
You didn't know any spells.

Dungeon Overview and Level Annotations

Branches:
Dungeon (6/15)
 Temple: D:4-7

Altars:
Dithmenos
Gozag
Okawaru
Qazlal
Trog
Xom
The Shining One

Shops:
D:5 *

Annotations:
D:6 exclusion: oklob plant, edsrzf's ghost, novice DDBe


Innate Abilities, Weirdness & Mutations

You cannot be hasted, slowed, berserked, paralysed or teleported.
You can dig through walls and to a lower floor.
Your four strong arms can wield two-handed weapons with a shield.
You have a pair of large antennae on your head. (SInv)


Message History

You hit the jackal zombie. You block edsrzf's ghost's attack.
You block the jackal zombie's attack.
Edsrzf's ghost hits you but does no damage.
You feel drained.
The jackal zombie bites you but does no damage.
You barely miss the jackal zombie.
The jackal zombie is severely damaged.
You slash edsrzf's ghost! You block the jackal zombie's attack.
You block edsrzf's ghost's attack.
You slash the jackal zombie!
You destroy the jackal zombie!
You slash edsrzf's ghost! Edsrzf's ghost hits you.
You barely miss edsrzf's ghost.
Edsrzf's ghost is severely damaged.
Edsrzf's ghost hits you.
You closely miss edsrzf's ghost.
Edsrzf's ghost is severely damaged.
Edsrzf's ghost hits you but does no damage.
You are electrocuted!
You die...

#####.....# #.....# .8
#....^# . ### #.....# '#
..# ##..+##########.#
?.# ###.###.........#
..###.....##........#
...#.8...8.#.....W..#
...#.......#....@...#
......._............#.
..##.......#............
..##.8...8.#............
..###.....##............
..#####.###.............
........##.........#....
.......###.........#....
......## #.........#{..


You could see edsrzf's ghost.

Vanquished Creatures
  A centaur (D:2)
  2 scorpions (D:4)
  2 crimson imps (D:5)
  A jelly (D:5)
  An orc priest (D:4)
  2 hounds
  Crazy Yiuf (D:5)
  An iguana (D:5)
  3 orc wizards
  2 worker ants (D:4)
  8 adders
  5 oozes (D:1)
  An adder zombie (D:3)
  11 worms
  3 leopard geckos
  12 orcs
  9 bats
  12 giant cockroaches
  4 hobgoblins
  15 jackals
  3 quokkas
  A ball python (D:2)
  7 frilled lizards
  6 goblins
  A jackal zombie (D:6)
  5 kobolds
  13 rats
  4 fungi (D:5)
136 creatures vanquished.

Notes
Turn   | Place    | Note
-------+----------+-------------------------------------------
     0 | D:1      | TheGoonsmith the Formicid Fighter began the quest for the Orb.
     0 | D:1      | Reached XP level 1. HP: 18/18 MP: 1/1
     1 | D:1      | Found a runed door.
   324 | D:1      | Reached XP level 2. HP: 22/24 MP: 2/2
   547 | D:1      | Reached skill level 4 in Shields
   848 | D:1      | Reached XP level 3. HP: 29/30 MP: 3/3
   993 | D:1      | Reached XP level 4. HP: 33/37 MP: 4/4
  1103 | D:2      | Found a bloodstained altar of Trog.
  1103 | D:2      | Noticed a moth of wrath
  1114 | D:2      | Reached XP level 5. HP: 35/42 MP: 5/5
  1259 | D:2      | Found a glowing golden altar of the Shining One.
  1421 | D:2      | Noticed a centaur
  1426 | D:2      | Killed a centaur
  1426 | D:2      | Reached skill level 5 in Shields
  1426 | D:2      | Reached XP level 6. HP: 48/49 MP: 6/6
  1936 | D:3      | Reached skill level 5 in Fighting
  2368 | D:4      | Found an iron altar of Okawaru.
  2491 | D:4      | Reached skill level 6 in Shields
  2491 | D:4      | Reached XP level 7. HP: 18/56 MP: 7/7
  2799 | D:4      | Found a shadowy altar of Dithmenos.
  2801 | D:4      | Found a stormy altar of Qazlal.
  2804 | D:4      | Found a shimmering altar of Xom.
  2968 | D:4      | Reached skill level 5 in Axes
  3369 | D:5      | Entered Level 5 of the Dungeon
  3781 | D:5      | Reached XP level 8. HP: 61/62 MP: 8/8
  3967 | D:5      | Found Loelorr's General Store.
  3974 | D:5      | Bought a scroll of enchant armour for 112 gold pieces
  4406 | D:5      | Found a runed door.
  4410 | D:5      | Noticed Crazy Yiuf
  4414 | D:5      | Killed Crazy Yiuf
  4482 | D:6      | Found an opulent altar of Gozag.
  4587 | D:6      | Found a bloodstained altar of Trog.
  4587 | D:6      | Noticed an oklob plant
  4624 | D:6      | Noticed edsrzf's ghost (novice DDBe)
  4638 | D:6      | Slain by edsrzf's ghost

Vault maps used:
D:1:      dpeg_arrival_caged_fury
D:2:      lemuel_round_altar, tgw_trog, nrook_loot_triangle
D:3:      first_ration
D:4:      okawaru_metal_pillars_3, minmay_overflow_temple_star_quad
D:5:      minmay_shop_grid_forest, minivault_5, uniq_crazy_yiuf_cottage
D:6:      grunt_gozag_statues, minmay_temple_entry_statues, lemuel_oklob_altar

Skill      XL: |  1  2  3  4  5  6  7 |
---------------+----------------------+-----
Shields        | 4 5 6 |  6.9
Fighting       | 4 5 |  5.0
Axes           | 3 4 5 |  5.8
Armour         | 4 |  4.2

Action                   |  1- 3 |  4- 6 |  7- 9 || total
-------------------------+-------+-------+-------++-------
Melee: War axe           |    83 |   247 |   160 ||   490
 Abil: Dig               |       |     1 |       ||     1
  Use: Scroll            |       |       |    16 ||    16
       Potion            |       |       |     1 ||     1
  Eat: Chunk             |       |     6 |     6 ||    12
Armor: Scale mail        |    12 |       |       ||    12
       Plate armour      |    22 |   159 |    73 ||   254
Dodge: Dodged            |    18 |    54 |    27 ||    99
Block: Shield            |    41 |   139 |    84 ||   264

Table legend:
 A = Spawn XP
 B = Non-spawn XP
 C = Spawn XP percentage of total XP
 D = Spawn monster count
 E = Non-spawn monster count
 F = Spawn count percentage of total count
 G = Total turns spent on level
                    A         B        C        D         E        F      G
               +---------+---------+-------+---------+---------+-------+---------
         Total |       0 |    1149 |   0.0 |       0 |     132 |   0.0 |  4638
               +---------+---------+-------+---------+---------+-------+---------
           D:1 |       0 |     104 |   0.0 |       0 |      42 |   0.0 |  1059
           D:2 |       0 |     194 |   0.0 |       0 |      25 |   0.0 |   601
           D:3 |       0 |     114 |   0.0 |       0 |      24 |   0.0 |   704
           D:4 |       0 |     440 |   0.0 |       0 |      26 |   0.0 |  1005
           D:5 |       0 |     296 |   0.0 |       0 |      14 |   0.0 |  1083
           D:6 |       0 |       1 |   0.0 |       0 |       1 |   0.0 |   186
               +---------+---------+-------+---------+---------+-------+---------
